AoeStats
← AAOE | Urborg

MegaRandom

509754069Analyzed
4v4 RM · 3d ago on Sep 27, 2026· 69m 12s· 8 players
Game mode
Random Map
Map size
Large (8 player)
Population
200
Speed
Normal
Resources
Standard
Victory
Conquest
Starting age
Dark Age
Ending age
Imperial Age
RankedLock teamsTeams togetherTeam positionsShared explorationLock speedFull tech treeHidden civsTurbo modeCheats
Victory
Defeat
🇺🇸 Lithuanians · United States
1351
+14
🇧🇷 Britons · Brazil
1349
+14
🇨🇱 Vikings · Chile
1243
+18
🇨🇱 Mongols · Chile
1184
+20
🇺🇸 Georgians · United States
1337
-18
🇺🇸 Berbers · United States
1333
-18
🇬🇧 Danes · United Kingdom
1277
-16
🇹🇷 Saxons · Türkiye
1236
-14
Snorkiss89
6:07 Loom
8:50 Feudal Age
10:58 Double-Bit Axe
15:39 Forging
16:40 Town Watch
18:06 Wheelbarrow
18:35 Fletching
26:14 Castle Age
25:31 Scale Barding Armor
26:03 Gold Mining
26:25 Bloodlines
27:27 Hand Cart
26:54 Horse Collar
28:12 Bow Saw
29:05 Bodkin Arrow
31:10 Guard Tower
36:36 Heavy Plow
40:27 Fervor
42:00 Ballistics
42:02 Treadmill Crane
43:10 Stone Mining
47:32 Imperial Age
46:02 Stone Shaft Mining
45:32 Husbandry
45:35 Padded Archer Armor
45:56 Svan Towers
47:30 Masonry
49:08 Keep
48:20 Arrowslits
49:35 Chemistry
48:52 Leather Archer Armor
48:40 Bracer
48:02 Heavy Cavalry Archer
49:07 Parthian Tactics
49:09 Conscription
49:54 Leather Archer Armor
50:13 Architecture
51:40 Siege Engineers
51:31 Murder Holes
51:48 Town Patrol
62:52 Light Cavalry
63:54 Chain Barding Armor
64:23 Hussar
Kiki da 1.75Handed
3:59 Loom
12:25 Feudal Age
12:32 Man-at-Arms
22:52 Castle Age
23:10 Fletching
23:51 Bodkin Arrow
25:55 Padded Archer Armor
25:58 Elite Skirmisher
31:47 Double-Bit Axe
36:49 Ballistics
39:08 Guard Tower
39:29 Masonry
40:56 Murder Holes
43:17 Town Watch
44:13 Wheelbarrow
44:41 Leather Archer Armor
50:51 Bow Saw
51:40 Scale Mail Armor
53:26 Pikeman
55:58 Squires
58:46 Arson
60:03 Forging
61:49 Gambesons
65:16 Chain Mail Armor
Dirty Dave
7:11 Loom
7:33 Loom
10:36 Feudal Age
14:50 Wheelbarrow
15:09 Double-Bit Axe
16:25 Horse Collar
22:10 Castle Age
21:28 Gold Mining
22:02 Bloodlines
23:10 Scale Barding Armor
24:45 Bow Saw
24:53 Forging
25:57 Chain Barding Armor
28:40 Husbandry
31:25 Iron Casting
33:00 Stone Mining
34:15 Hand Cart
35:40 Town Watch
38:18 Gold Shaft Mining
41:25 Imperial Age
41:28 Cavalier
42:44 Plate Barding Armor
43:10 Blast Furnace
43:06 Conscription
44:47 Treadmill Crane
45:34 Kasbah
46:55 Chemistry
46:35 Fletching
48:45 Bodkin Arrow
49:13 Ballistics
52:55 Bracer
55:25 Light Cavalry
57:54 Padded Archer Armor
57:32 Hussar
58:09 Elite Skirmisher
61:17 Heavy Plow
62:11 Leather Archer Armor
Götçü Baba Türbesi
7:35 Loom
10:02 Feudal Age
11:26 Double-Bit Axe
14:17 Scale Barding Armor
14:25 Forging
20:56 Castle Age
20:49 Wheelbarrow
20:59 Bloodlines
21:47 Husbandry
21:49 Horse Collar
25:12 Chain Barding Armor
26:57 Bow Saw
29:23 Heavy Plow
30:54 Iron Casting
35:59 Scale Mail Armor
37:01 Chain Mail Armor
36:37 Fletching
40:50 Squires
40:35 Gambesons
41:47 Arson
42:04 Light Cavalry
48:54 Bodkin Arrow
54:07 Imperial Age
55:46 Plate Mail Armor
58:26 Hussar
62:47 Cavalier
63:56 Bracer
andulas97
7:51 Loom
9:52 Feudal Age
9:34 Loom
11:39 Double-Bit Axe
21:56 Castle Age
21:31 Wheelbarrow
22:02 Bloodlines
22:03 Scale Barding Armor
23:59 Horse Collar
24:36 Pikeman
26:54 Husbandry
30:04 Chain Barding Armor
35:02 Heavy Plow
37:43 Stone Mining
37:45 Gold Mining
40:48 Forging
47:21 Imperial Age
47:39 Cavalier
48:57 Iron Casting
51:08 Plate Barding Armor
53:50 Conscription
54:57 Elite Skirmisher
55:45 Tower Shields
55:40 Fletching
55:51 Padded Archer Armor
56:54 Bodkin Arrow
57:18 Paladin
58:32 Ballistics
60:06 Chemistry
Sr Bolainas
7:42 Loom
10:41 Feudal Age
11:54 Double-Bit Axe
16:00 Wheelbarrow
16:29 Forging
19:07 Town Watch
22:33 Castle Age
22:41 Bloodlines
23:04 Scale Barding Armor
22:50 Fletching
23:27 Horse Collar
26:01 Stone Mining
27:22 Husbandry
30:04 Iron Casting
33:53 Padded Archer Armor
34:07 Gold Mining
36:39 Bodkin Arrow
39:09 Ballistics
41:35 Gold Shaft Mining
41:47 Chain Barding Armor
49:15 Imperial Age
51:50 Chemistry
51:42 Bracer
53:34 Conscription
57:44 Stone Shaft Mining
60:10 Heavy Camel Rider
66:16 Masonry
66:57 Elite Mangudai
68:46 Siege Engineers
69:01 Heavy Plow
69:16 Thumb Ring
Kuroko
6:18 Loom
11:03 Feudal Age
13:35 Double-Bit Axe
16:49 Fletching
17:04 Padded Archer Armor
23:33 Castle Age
23:41 Crossbowman
24:18 Bodkin Arrow
35:38 Ballistics
37:27 Horse Collar
37:58 Bow Saw
38:28 Wheelbarrow
42:03 Imperial Age
39:58 Gold Mining
40:52 Leather Archer Armor
41:43 Yeomen
41:12 Pikeman
41:53 Scale Mail Armor
42:03 Forging
43:10 Elite Longbowman
45:45 Chemistry
45:20 Ring Archer Armor
45:52 Bracer
48:26 Iron Casting
48:46 Chain Mail Armor
48:30 Halberdier
49:46 Hand Cart
50:44 Blast Furnace
51:54 Capped Ram
54:07 Plate Mail Armor
63:03 Two-Man Saw
62:06 Heavy Plow
61:53 Town Watch
65:28 Gold Shaft Mining
64:44 Stone Mining
AAOE | Urborg
8:46 Loom
11:24 Feudal Age
12:22 Town Watch
14:31 Double-Bit Axe
21:27 Horse Collar
25:02 Castle Age
23:43 Fletching
24:53 Padded Archer Armor
26:20 Bow Saw
25:57 Pikeman
26:45 Crossbowman
27:44 Bodkin Arrow
28:55 Pikeman
29:52 Leather Archer Armor
35:34 Ballistics
44:01 Imperial Age
45:14 Conscription
44:58 Bogsveigar
44:20 Arbalester
46:03 Masonry
47:25 Architecture
48:29 Chieftains
48:44 Bracer
50:01 Scale Mail Armor
50:28 Squires
53:39 Chain Mail Armor
54:50 Plate Mail Armor
55:15 Ring Archer Armor
58:59 Chemistry
58:48 Bogsveigar
59:34 Arson
61:21 Siege Engineers
61:59 Elite Skirmisher
62:51 Forging
Connection lost

Rejoining the realm…

Still unreachable

The connection could not be restored.

Session expired

The server has moved on; the page needs a fresh start.